 Dungeon Crawl Stone Soup version 0.29-a0-222-g5b244fca1f (webtiles) character file.

Game seed: 1378385067657468133

417 n8rtot the Conjurer (level 6, -12/38 HPs)
             Began as an Octopode Conjurer on Feb 28, 2022.
             Was an Initiate of Ru.
             Mangled by a gnoll sergeant
             ... wielding a +0 trident
              (14 damage)
             ... on level 5 of the Dungeon.
             The game lasted 00:23:17 (4045 turns).

n8rtot the Conjurer (Octopode Conjurer)             Turns: 4045, Time: 00:23:18

Health: -12/38     AC:  1    Str:  7    XL:     6   Next: 93%
Magic:  4/11       EV:  8    Int: 22    God:    Ru [......]
Gold:   199        SH:  0    Dex: 16    Spells: 10/11 levels left

rFire   . . .      SeeInvis .   y - +3 club (spect)
rCold   . . .      Faith    .   (no shield)
rNeg    . . .      Spirit   .   (helmet restricted)
rPois   .          Reflect  .   e - amulet of the acrobat
rElec   .          Harm     .   z - +6 ring of dexterity
rCorr   .          Rampage  .   (no ring)
Will    .....                   (no ring)
Stlth   ++++......              (no ring)
HPRegen 0.12/turn               (no ring)
MPRegen 0.12/turn               (no ring)
                                (no ring)
                                (no ring)

@: held
A: almost no armour, amphibious, 8 rings, camouflage 1, gelatinous body 1,
(nimble swimmer 1), tentacles
a: Renounce Religion, Sacrifice Words, Sacrifice a Hand, Sacrifice Nimbleness,
Reject Sacrifices


You were on level 5 of the Dungeon.
You worshipped Ru.
Ru was noncommittal.
You visited 2 branches of the dungeon, and saw 6 of its levels.

You collected 199 gold pieces.

Inventory:

Hand Weapons
 g - a +0 club
 n - a +2 whip of electrocution
 y - a +3 spectral club (weapon)
Missiles
 i - 102 stones
 j - 11 poisoned darts
 q - a throwing net
Armour
 m - a +0 helmet
 o - a +0 leather armour
Jewellery
 e - an amulet of the acrobat (around mantle)
 z - a +6 ring of dexterity (left tentacle)
Wands
 s - a wand of flame (19)
 x - a wand of iceblast (9)
Scrolls
 a - a scroll of immolation
 b - 4 scrolls of teleportation {unknown}
 f - a scroll of acquirement {unknown}
 h - a scroll of enchant weapon {unknown}
 l - 3 scrolls of identify {unknown}
 p - a scroll of summoning {unknown}
 t - a scroll of magic mapping {unknown}
 v - a scroll of fear {unknown}
 A - a scroll of amnesia {unknown}
Potions
 c - 2 potions of degeneration {unknown}
 d - a potion of ambrosia {unknown}
 k - 2 potions of flight {unknown}
 r - 4 potions of heal wounds {unknown}
 u - 2 potions of resistance {unknown}
 w - a potion of brilliance {unknown}
 B - a potion of might {unknown}
 C - a potion of curing {unknown}


   Skills:
 + Level 1.3 Fighting
 + Level 1.8 Maces & Flails
 + Level 2.6 Dodging
 + Level 4.8 Stealth
 + Level 3.3 Spellcasting
 + Level 5.9 Conjurations


You had 10 spell levels left.
You knew the following spells:

 Your Spells              Type           Power      Damage    Failure   Level
a - Magic Dart            Conj           100%       1d8       1%          1

Your spell library contained the following spells:

 Spells                   Type           Power      Damage    Failure   Level
 Searing Ray              Conj           58%        2d6       1%          2
 Dazzling Flash           Conj/Hex       32%        N/A       11%         3
 Fulminant Prism          Conj/Hex       8%         3d7       34%         4
 Iskenderun's Mystic Bla  Conj/Tloc      16%        2d5       34%         4


Dungeon Overview and Level Annotations

Branches:
Dungeon (5/15)             Temple (1/1) D:4

Altars:
Elyvilon
Gozag
Kikubaaqudgha
Makhleb
Qazlal
Ru

Shops:
D:5 =


Innate Abilities, Weirdness & Mutations

You cannot wear most types of armour.
You are amphibious.
You can wear up to eight rings at the same time.
Your skin changes colour to match your surroundings (Stealth+).
Your rubbery body absorbs attacks. (AC +1, EV +1)
((You are camouflaged when in or above water. (Stealth+)))
You have tentacles for arms and can constrict up to eight enemies at once.


Message History

Aiming: Magic Dart (safe; 1% risk of failure)
Press: ? - help, Shift-Dir - straight line, f/p - gnoll
Aim: a gnoll, wielding a +0 halberd and quivering a throwing net (severely wounded, 100% to hit)
The magic dart hits the gnoll.
You kill the gnoll!
Casting: Magic Dart (safe; 1% risk of failure)
Confirm with . or Enter, or press ? or * to list all spells.
Aiming: Magic Dart (safe; 1% risk of failure)
Press: ? - help, Shift-Dir - straight line, f - gnoll sergeant
Aim: a gnoll sergeant, wielding a +0 trident, wearing a +0 scale mail and wearing a +0 buckler (100% to hit)
The magic dart hits the gnoll sergeant.
The gnoll sergeant is lightly wounded.
A gnoll comes into view. It is wielding a +0 halberd.
The gnoll sergeant hits you from afar with a +0 trident!
Casting: Magic Dart (safe; 1% risk of failure)
Confirm with . or Enter, or press ? or * to list all spells.
Aiming: Magic Dart (safe; 1% risk of failure)
Press: ? - help, Shift-Dir - straight line, f/p - gnoll sergeant
Aim: a gnoll sergeant, wielding a +0 trident, wearing a +0 scale mail and wearing a +0 buckler (lightly wounded, 100% to hit)
The magic dart hits the gnoll sergeant but does no damage.
The gnoll sergeant is lightly wounded.
The gnoll sergeant closely misses you.
Casting: Magic Dart (safe; 1% risk of failure)
Confirm with . or Enter, or press ? or * to list all spells.
Aiming: Magic Dart (safe; 1% risk of failure)
Press: ? - help, Shift-Dir - straight line, f/p - gnoll sergeant
Aim: a gnoll sergeant, wielding a +0 trident, wearing a +0 scale mail and wearing a +0 buckler (lightly wounded, 100% to hit)
The magic dart hits the gnoll sergeant but does no damage.
The gnoll sergeant is lightly wounded.
A gnoll comes into view. It is wielding a +0 flail.
The gnoll sergeant hits you from afar with a +0 trident!
You tear a large gash into the net.
The gnoll sergeant barely misses you.
You struggle against the net.
The gnoll sergeant hits you from afar with a +0 trident!
* * * LOW HITPOINT WARNING * * *
As you read the scroll labelled DEMYOR OHYLO, it crumbles to dust.
The creatures around you are filled with an inner flame!
It was a scroll of immolation.
The gnoll sergeant hits you from afar with a +0 trident!
You die...

#.# .# #.# .# ##
##.#########.# ..
##............# .#
..............# .#
##..########..# .#
#............# .#
#.#########.####.######
#.# #....@.gggg.. #.#
######.###### #.# .#
#.# .# #.# .# #.# .# .#
.#


You could see a gnoll sergeant (inner flame) and 3 gnolls.

Vanquished Creatures
  Duvessa (D:4)
  Dowan (D:4)
  A hound (D:4)
  A jelly (D:4)
  Jessica (D:3)
  An iguana (D:5)
  Natasha (twice) (D:4)
  Ijyb (D:4)
  An adder (D:3)
  A gnoll (D:5)
  A worm (D:4)
  3 dart slugs
  5 orcs
  5 ball pythons
  5 endoplasms
  2 giant cockroaches (D:4)
  5 goblins
  4 hobgoblins
  4 quokkas
  4 bats
  4 frilled lizards
  2 kobolds
  2 rats
  A spectral hobgoblin (D:2)
58 creatures vanquished.

Notes
Turn   | Place    | Note
-------+----------+-------------------------------------------
     0 | D:1      | n8rtot the Octopode Conjurer began the quest for the Orb.
     0 | D:1      | Reached XP level 1. HP: 11/11 MP: 3/3
     3 | D:1      | You fall into a shaft and drop 1 floor!
   241 | D:1      | Reached XP level 2. HP: 17/17 MP: 1/5
  1220 | D:2      | Found a faded altar of an unknown god.
  1238 | D:2      | Reached XP level 3. HP: 18/21 MP: 3/6
  1291 | D:2      | Prayed at the altar of an unknown god.
  1291 | D:2      | Became a worshipper of Ru the Awakened
  1389 | D:3      | Noticed Jessica
  1393 | D:3      | Killed Jessica
  1394 | D:3      | Reached skill level 5 in Conjurations
  1621 | D:3      | Reached XP level 4. HP: 27/27 MP: 5/7
  2343 | D:3      | Found an ancient bone altar of Kikubaaqudgha.
  2343 | D:3      | Found an opulent altar of Gozag.
  2682 | D:4      | Noticed an air elemental
  2687 | D:4      | Found a stormy altar of Qazlal.
  2690 | D:4      | Noticed a water elemental
  2691 | D:4      | Noticed a fire elemental
  2691 | D:4      | Noticed an earth elemental
  2722 | D:4      | Noticed Ijyb
  2730 | D:4      | Killed Ijyb
  2731 | D:4      | Reached XP level 5. HP: 17/32 MP: 4/8
  2940 | D:4      | Found a white marble altar of Elyvilon.
  2940 | D:4      | Noticed Duvessa
  2955 | D:4      | HP: 1/32 [Duvessa/+0 short sword (7)]
  2957 | D:4      | Killed Duvessa
  2958 | D:4      | Reached skill level 1 in Fighting
  2958 | D:4      | Reached skill level 1 in Maces & Flails
  2958 | D:4      | Reached XP level 6. HP: 2/38 MP: 0/10
  2960 | D:4      | Noticed Dowan
  3451 | D:4      | Killed Dowan
  3542 | D:4      | Noticed Natasha
  3549 | D:4      | Killed Natasha
  3572 | D:4      | Noticed Natasha
  3579 | D:4      | Killed Natasha
  3677 | D:4      | Found a staircase to the Ecumenical Temple.
  3687 | Temple   | Entered the Ecumenical Temple
  3811 | D:5      | Entered Level 5 of the Dungeon
  3835 | D:5      | Found Quonn's Jewellery Emporium.
  4045 | D:5      | Mangled by a gnoll sergeant

Illustrated notes

Levels and vault maps discovered:
D:1:      dpeg_arrival_central, layout_rooms
D:2:      layout_loops_ring, dreamdust_ecumenical_altar_drowned_temple
D:3:      layout_basic, gammafunk_temple_overflow_pools, minmay_pentangle,
          uniq_jessica
D:4:      layout_rooms, nicolae_ru_path_of_blood,
          nicolae_qazlal_style_of_elements, elyvilon_altar_5,
          palyth_stone_intersect, uniq_duvessa, uniq_natasha, uniq_ijyb
D:5:      layout_loops_ring, vehumet_crystals, serial_shops, shop,
          hangedman_decor_clover_reticule, kennysheep_decorative_pillar,
          grunt_ministairs_15, st_stairs_5, nicolae_take_the_stairs
Temple:   nicolae_temple_figure_eight

Skill      XL: |  1  2  3  4  5  6 |
---------------+-------------------+-----
Conjurations   | 5 |  5.9
Stealth        | 3 4 |  4.8
Fighting       | 1 |  1.3
Maces & Flails | 1 |  1.8
Spellcasting   | 3 |  3.3
Dodging        | |  2.6

Action                   |  1- 3 |  4- 6 || total
-------------------------+-------+-------++-------
Melee: Unarmed           |     3 |       ||     3
       Whip              |     5 |     7 ||    12
       Tentacles         |     1 |     7 ||     8
       Constrict         |       |     8 ||     8
       Punch             |       |     2 ||     2
       Club              |       |    16 ||    16
 Cast: Magic Dart        |    45 |    73 ||   118
  Use: Scroll            |       |     1 ||     1
Dodge: Dodged            |    14 |    13 ||    27

Table legend: (Time is in decaauts)
 A = Elapsed time spent in this place.
 B = Non-inter-level travel time spent in this place.
 C = Inter-level travel time spent in this place.
 D = Time resting spent in this place.
 E = Time spent auto-exploring this place.
 F = Levels seen in this place.
 G = Mean time per level.
                   A        B        C        D        E       F      G
               +--------+--------+--------+--------+--------+-----+--------+
         Total |   4058 |   4058 |      0 |   1166 |      6 |   6 |  676.3 |
       Dungeon |   4039 |   4039 |      0 |   1166 |      6 |   5 |  807.8 |
        Temple |     18 |     18 |      0 |      0 |      0 |   1 |   18.0 |
               +--------+--------+--------+--------+--------+-----+--------+

Top non-repeatable levels by time:
     D:4: 1390 daAuts
     D:3: 1054 daAuts
     D:1: 714 daAuts
     D:2: 647 daAuts
     D:5: 233 daAuts
  Temple: 18 daAuts
